 Dungeon Crawl Stone Soup version 0.14-a0-1773-ge500af7 (webtiles) character file.

2605 Psiweapon the Nimble (level 9, -1/74 HPs)
             Began as a Minotaur Fighter on Jan 6, 2014.
             Was a Priest of Okawaru.
             Slain by a centaur (6 damage)
             ... on Level 7 of the Dungeon.
             The game lasted 00:28:30 (6790 turns).

Psiweapon the Nimble (Minotaur Fighter)             Turns: 6790, Time: 00:28:33

HP  -1/74        AC 18     Str 24      XL: 9   Next: 23%
MP  22/23        EV  6     Int  5      God: Okawaru [***...]
Gold 201         SH 24     Dex 10      Spells:  0 memorised,  8 levels left

rFire  . . .     SeeInvis .     H - +0 war axe
rCold  . . .     Clarity  .     L - +0 plate armour
rNeg   . . .     Conserve .     c - +0 shield
rPois  .         rCorr    .     (helmet restricted)
rElec  .         rRot     .     (no cloak)
SustAb . .       Spirit   .     (no gloves)
rMut   .         Warding  .     B - +2 pair of boots
Saprov . . .     Stasis   .     (no amulet)
                                (no ring)
                                x - ring of magical power

@: heroism, slightly resistant to hostile enchantments, extremely unstealthy
A: retaliatory headbutt, horns 2
a: Heroism, Renounce Religion


You were on level 7 of the Dungeon.
You worshipped Okawaru.
Okawaru was most pleased with you.
You were very hungry.

You visited 1 branch of the dungeon, and saw 7 of its levels.

You collected 345 gold pieces.
You spent 144 gold pieces at shops.

Inventory:

Hand weapons
 a - a +0,+0 hand axe
 h - a +2,+0 elven dagger
 o - a +0,+0 bow
 p - a +0,+2 orcish flail
 y - a +2 blowgun
 H - a +0,+0 war axe (weapon)
 O - a +1,+3 orcish mace
Missiles
 f - 13 silver bolts
 w - 13 arrows of dispersal
 z - 13 poisoned needles
 C - 15 sling bullets
 K - 3 poisoned javelins (quivered)
Armour
 b - a +0 scale mail
 c - a +0 shield (worn)
 B - a +2 pair of boots (worn)
 E - a +0 chain mail
 L - a +0 plate armour (worn)
Magical devices
 j - a wand of disintegration (0)
Comestibles
 d - 6 bread rations
 s - 3 meat rations
 I - a lemon
Scrolls
 e - 4 scrolls of teleportation
 g - a scroll of magic mapping {unknown}
 i - 6 scrolls of remove curse {unknown}
 k - a scroll of enchant weapon II {unknown}
 l - 4 scrolls of identify {unknown}
 r - a scroll of enchant armour {unknown}
 N - 3 scrolls of recharging {unknown}
 Q - a scroll of fog {unknown}
 R - a scroll of enchant weapon I {unknown}
 T - a scroll of immolation {unknown}
Jewellery
 x - a ring of magical power (left hand)
Potions
 m - a potion of resistance {unknown}
 n - a potion of flight {unknown}
 q - a potion of magic
 t - 4 potions of brilliance
 u - a potion of agility {unknown}
 v - a potion of speed {unknown}
 A - 2 potions of might {unknown}
 F - 2 potions of lignification {unknown}
 G - a potion of beneficial mutation {unknown}
 J - a potion of decay {unknown}
 M - a potion of cure mutation {unknown}
 P - a potion of heal wounds {unknown}
 S - a potion of curing
Magical staves
 V - an uncursed staff of earth {unknown}


   Skills:
 - Level 5.1(10.1) Fighting
 - Level 5.3(10.3) Axes
 + Level 6.7(11.7) Armour
 + Level 8.0(13.0) Dodging
 - Level 5.4(10.4) Shields
 - Level 6.1 Invocations


You had 8 spell levels left.
You didn't know any spells.

Dungeon Overview and Level Annotations

Branches:
Dungeon (7/16)             Temple (0/1) D:4

Altars:
Cheibriados
Fedhas
Nemelex Xobeh
Okawaru
Trog
the Shining One

Shops:
D:4 /   D:6 (

Annotations:
D:7 Menkaure


Innate Abilities, Weirdness & Mutations

You reflexively headbutt those who attack you in melee.
You have a pair of horns on your head.


Message History

The goblin hits you but does no damage. You block the ogre's attack.
Menkaure hits you!
* * * LOW HITPOINT WARNING * * *
You block the centaur's attack. The centaur hits you.
* * * LOW HITPOINT WARNING * * *
Menkaure mumbles some strange words.
Menkaure seems to speed up.
You hit the centaur but do no damage.
The centaur is heavily wounded.
You barely miss the goblin. Your headbutt misses the goblin. You hit Menkaure.
Menkaure is almost destroyed.
The centaur hits you.
* * * LOW HITPOINT WARNING * * *
You block the goblin's attack.
Menkaure calls on the powers of darkness!
The goblin convulses!
Your body is wracked with pain!
* * * LOW HITPOINT WARNING * * *
The ogre convulses!
The centaur convulses!
The giant cockroach convulses!
The centaur hits you.
You die...

...........
...............
.................
...................
...................s.
......................
.......O.%............
........Mgg............
........@cs((((.........
........................
........>..............
.....#...............#
....###.............##
..# ##...........## #
##.........##
##...........## .
##.............###.


You could see an ogre, Menkaure, a centaur, a giant cockroach and 2 goblins.

Vanquished Creatures
  A hungry ghost (D:7)
  An orc warrior (D:6)
  2 ice beasts
  2 phantoms (D:6)
  3 centaurs (D:6)
  3 giant goldfish (D:6)
  2 ogres
  2 giant frogs (D:6)
  A big kobold (D:5)
  Blork the orc (D:6)
  2 jellyfish (D:6)
  A centaur zombie (D:7)
  4 crimson imps
  A goliath beetle (D:7)
  A hound (D:7)
  A jelly (D:7)
  2 orc priests (D:6)
  2 iguanas (D:6)
  3 orc wizards
  A big fish (D:6)
  2 worker ants (D:4)
  Ijyb (D:4)
  A crocodile zombie (D:6)
  An ogre skeleton (D:4)
  A hound skeleton (D:4)
  3 gnolls (D:5)
  A steam dragon zombie (D:6)
  9 adders
  2 worms (D:4)
  A scorpion zombie (D:5)
  2 oozes
  16 orcs
  A ball python (D:4)
  A bat zombie (D:6)
  9 giant cockroaches
  13 hobgoblins
  9 jackals
  A quokka (D:5)
  17 bats
  A giant cockroach zombie (D:5)
  4 giant geckos
  3 giant newts (D:6)
  8 goblins
  19 kobolds
  11 rats
173 creatures vanquished.

Vanquished Creatures (others)
  A halfling (D:5)
  A worm (D:6)
  4 kobolds
  A plant (D:5)
7 creatures vanquished.

Grand Total: 180 creatures vanquished

Notes
Turn   | Place    | Note
--------------------------------------------------------------
     0 | D:1      | Psiweapon, the Minotaur Fighter, began the quest for the Orb.
     0 | D:1      | Reached XP level 1. HP: 19/19 MP: 1/1
   187 | D:1      | Reached XP level 2. HP: 27/27 MP: 1/1
   324 | D:1      | Reached skill level 4 in Fighting
   800 | D:2      | Reached XP level 3. HP: 29/33 MP: 2/2
   839 | D:2      | Found a bloodstained altar of Trog.
  1225 | D:2      | Found an iron altar of Okawaru.
  1225 | D:2      | Found a bloodstained altar of Trog.
  1229 | D:2      | Became a worshipper of Warmaster Okawaru
  1278 | D:4      | Noticed an ogre
  1284 | D:4      | Killed an ogre
  1284 | D:4      | Reached XP level 4. HP: 19/41 MP: 2/2
  1487 | D:2      | Found a glowing golden altar of the Shining One.
  1493 | D:2      | Found a blossoming altar of Fedhas.
  1496 | D:2      | Found a sparkling altar of Nemelex Xobeh.
  2024 | D:3      | Reached XP level 5. HP: 37/47 MP: 2/2
  2363 | D:3      | Reached skill level 5 in Fighting
  2683 | D:4      | Acquired Okawaru's first power
  2683 | D:4      | Reached skill level 5 in Armour
  2988 | D:4      | Found Weed Os Ska's Magical Wand Emporium.
  2994 | D:4      | Bought a wand of disintegration (8) for 144 gold pieces
  3018 | D:4      | Reached XP level 6. HP: 52/56 MP: 1/3
  3020 | D:4      | Reached skill level 1 in Dodging
  3020 | D:4      | Reached skill level 5 in Shields
  3053 | D:4      | Reached skill level 1 in Invocations
  3301 | D:4      | Found a staircase to the Ecumenical Temple.
  3348 | D:4      | Noticed Ijyb
  3362 | D:4      | Killed Ijyb
  3896 | D:5      | Entered Level 5 of the Dungeon
  3903 | D:5      | Reached skill level 5 in Axes
  4428 | D:5      | Reached XP level 7. HP: 61/61 MP: 4/4
  4600 | D:6      | Found a snail-covered altar of Cheibriados.
  4845 | D:6      | Noticed Blork the orc
  4865 | D:6      | Killed Blork the orc
  4865 | D:6      | Reached XP level 8. HP: 10/68 MP: 9/9
  5076 | D:6      | Reached skill level 5 in Dodging
  5228 | D:6      | Reached skill level 5 in Invocations
  5260 | D:6      | Reached skill level 6 in Dodging
  5604 | D:6      | Reached skill level 7 in Dodging
  5755 | D:6      | Found Calad's Antique Weapon Shop.
  5986 | D:6      | Reached XP level 9. HP: 64/74 MP: 14/14
  6764 | D:7      | Reached skill level 8 in Dodging
  6781 | D:7      | Noticed Menkaure
  6790 | D:7      | Slain by a centaur

Action                   |  1- 3 |  4- 6 |  7- 9 || total
-------------------------+-------+-------+-------++-------
Melee: Hand axe          |    87 |   134 |       ||   221
       War axe           |       |    70 |   209 ||   279
Throw: Throwing net      |     1 |     1 |       ||     2
       Javelin           |       |       |     2 ||     2
Invok: Heroism           |       |     2 |     4 ||     6
Evoke: Wand              |       |       |     8 ||     8
  Use: Scroll            |       |     2 |       ||     2
       Potion            |       |     3 |     2 ||     5
